 Dungeon Crawl Stone Soup version 0.25-a0-510-ge065f6de7d (console) character file.

Game seed: 5072673490900053577, levelgen mode: deterministic

27 surprisetrex the Firebug (level 3, -1/26 HPs)
             Began as a Hill Orc Fire Elementalist on Feb 15, 2020.
             Slain by a hound (2 damage)
             ... on level 2 of the Dungeon.
             The game lasted 00:04:53 (816 turns).

surprisetrex the Firebug (HOFE)                      Turns: 816, Time: 00:04:54

Health: -1/26      AC:  2    Str: 10    XL:     3   Next: 10%
Magic:  3/5        EV: 12    Int: 16    God:
Gold:   31         SH:  0    Dex: 11    Spells: 4/5 levels left

rFire    . . .     SeeInvis .   i - -2 short sword (curse)
rCold    . . .     Gourm    .   (no shield)
rNeg     . . .     Faith    .   a - +0 robe
rPois    .         Spirit   .   (no helmet)
rElec    .         Reflect  .   (no cloak)
rCorr    .         Harm     .   (no gloves)
MR       .....                  (no boots)
Stlth    ++........             (no amulet)
HPRegen  0.08/turn              (no ring)
MPRegen  0.09/turn              (no ring)

@: very slightly contaminated
A: no striking features
a: no special abilities


You were on level 2 of the Dungeon.
You were not hungry.

You visited 1 branch of the dungeon, and saw 2 of its levels.

You collected 31 gold pieces.

Inventory:

Hand Weapons
 h - a +0 whip
 i - a cursed -2 short sword (weapon)
 j - a +0 vorpal mace
Missiles
 e - 28 stones (quivered)
Armour
 a - a +0 robe (worn)
Scrolls
 b - a scroll of identify
 g - a scroll of teleportation
Potions
 d - 2 potions of curing {unknown}
 k - a potion of magic {unknown}
Comestibles
 c - 4 rations
 f - 5 chunks of flesh


   Skills:
 - Level 1.5 Dodging
 - Level 1.5 Stealth
 - Level 1.5 Spellcasting
 - Level 1.0 Conjurations
 + Level 4.6 Fire Magic


You had 4 spell levels left.
You knew the following spells:

 Your Spells              Type           Power        Failure   Level  Hunger
a - Foxfire               Conj/Fire      ##..         7%          1    ##.....

Your spell library contained the following spells:

 Spells                   Type           Power        Failure   Level  Hunger
 Conjure Flame            Conj/Fire      ##......     21%         3    ####...
 Inner Flame              Hex/Fire       #.......     26%         3    ####...
 Sticky Flame             Conj/Fire      ##......     56%         4    #####..
 Fireball                 Conj/Fire      ##........   88%         5    ######.


Dungeon Overview and Level Annotations

Branches:
Dungeon (2/15)

Altars:


Message History

You closely miss the hound.
The hound is heavily wounded.
The hound closely misses you. The quokka bites you.
* * * LOW HITPOINT WARNING * * *
The hound closely misses you.
You closely miss the hound.
The hound is heavily wounded.
The hound misses you.
The quokka bites you but does no damage.
You hit the hound but do no damage.
The hound is heavily wounded.
The hound closely misses you.
The quokka bites you but does no damage.
The hound closely misses you. The quokka barely misses you.
You hit the hound but do no damage.
The hound is heavily wounded.
The hound closely misses you. The quokka bites you.
* * * LOW HITPOINT WARNING * * *
The hound bites you.
You die...

...............
..........)....
.....).........
..............##
................
.......(.....(..
........r((.(...
.......@###.....
.......h........
###+#.##........
###.#...........
.....>..รท.......
#####.............
#.#.........####....
#...........# #.##
#####.###.#.# .#


You could see a hound and a quokka.

Vanquished Creatures
  A leopard gecko (D:2)
  6 bats (D:1)
  A giant cockroach (D:2)
  5 goblins (D:1)
  3 hobgoblins
  A ball python (D:1)
  2 frilled lizards (D:1)
  A kobold (D:1)
  5 rats (D:1)
25 creatures vanquished.

Vanquished Creatures (others)
  38 foxfires
38 creatures vanquished.

Grand Total: 63 creatures vanquished

Notes
Turn   | Place    | Note
-------+----------+-------------------------------------------
     0 | D:1      | surprisetrex the Hill Orc Fire Elementalist began the quest
                  | for the Orb.
     0 | D:1      | Reached XP level 1. HP: 14/14 MP: 3/3
   100 | D:1      | Reached XP level 2. HP: 20/20 MP: 0/4
   141 | D:1      | Reached skill level 4 in Fire Magic
   713 | D:2      | Reached XP level 3. HP: 22/26 MP: 1/5
   816 | D:2      | HP: 1/26 [quokka (2)]
   816 | D:2      | Slain by a hound

Levels and vault maps discovered:
D:1:      dpeg_arrival_more_subterranean_lakeside_camping, layout_rooms
D:2:      cheibrodos_pilgrimage, layout_basic, grunt_gozag_breadcrumbs,
          makhleb_blood_cavern_becter, first_ration, uniq_robin

Skill      XL: |  1  2 |
---------------+-------+-----
Fire Magic     | 4 |  4.6
Dodging        | |  1.5
Stealth        | |  1.5
Spellcasting   | |  1.5
Conjurations   | |  1.0

Action                   || total
-------------------------++-------
Melee: Unarmed           ||     1
       Whip              ||    11
       Short sword       ||    10
Throw: Stone             ||    68
 Cast: Foxfire           ||    23
  Use: Scroll            ||     1
Armor: Robe              ||    19
Dodge: Dodged            ||    62

Table legend:
 A = Non-vault XP
 B = Vault XP
 C = Vault XP percentage of total XP
 D = Non-vault monster count
 E = Vault monster count
 F = Vault count percentage of total count
                 A         B        C        D         E       F
            +---------+---------+-------+---------+---------+-------
      Total |      39 |       0 |   0.0 |      25 |       0 |   0.0
            +---------+---------+-------+---------+---------+-------
        D:1 |      30 |       0 |   0.0 |      21 |       0 |   0.0
        D:2 |       9 |       0 |   0.0 |       4 |       0 |   0.0
            +---------+---------+-------+---------+---------+-------
